 Dungeon Crawl Stone Soup version 0.24.1-8-ga250c9d538 (webtiles) character file.

Game seed: 8268937214563083612, levelgen mode: deterministic

1485 Hugehornet the Cleaver (level 8, -4/64 HPs)
             Began as a Hill Orc Fighter on Apr 29, 2020.
             Was a Follower of Beogh.
             Killed by divine providence
             ... invoked by an orc priest
              (9 damage)
             ... on level 5 of the Dungeon.
             The game lasted 00:11:10 (4512 turns).

Hugehornet the Cleaver (Hill Orc Fighter)           Turns: 4512, Time: 00:11:11

Health: -4/64      AC: 11    Str: 26    XL:     8   Next: 79%
Magic:  8/8        EV: 12    Int: 13    God:    Beogh [*.....]
Gold:   437        SH: 11    Dex: 20    Spells: 7/7 levels left

rFire    . . .     SeeInvis .   a - +0 war axe
rCold    . . .     Gourm    +   c - +1 shield
rNeg     . . .     Faith    .   b - +0 scale mail
rPois    .         Spirit   .   p - +0 helmet
rElec    .         Reflect  .   A - +0 cloak (curse)
rCorr    .         Harm     .   g - +0 pair of gloves
MR       .....                  D - +0 pair of boots
Stlth    +.........             v - amulet of the gourmand
HPRegen  0.20/turn              (no ring)
MPRegen  0.11/turn              u - +5 ring of dexterity

@: mighty, brilliant, agile
A: no striking features
a: Renounce Religion


You were on level 5 of the Dungeon.
You worshipped Beogh.
Beogh was aware of your devotion.
You were full.

You visited 1 branch of the dungeon, and saw 5 of its levels.

You collected 437 gold pieces.

Inventory:

Hand Weapons
 a - a +0 war axe (weapon)
 C - a +1 flail of venom
Armour
 b - a +0 scale mail (worn)
 c - a +1 shield (worn)
 g - a +0 pair of gloves (worn)
 p - a +0 helmet (worn)
 x - a +0 chain mail
 A - a cursed +0 cloak (worn)
 D - a +0 pair of boots (worn)
Jewellery
 u - a +5 ring of dexterity (right hand)
 v - an amulet of the gourmand (around neck)
 y - an uncursed amulet of guardian spirit {unknown}
Scrolls
 h - 3 scrolls of teleportation {unknown}
 i - 6 scrolls of remove curse
 j - 2 scrolls of magic mapping
 l - 3 scrolls of identify
 o - 2 scrolls of blinking
 t - 2 scrolls of enchant armour
 z - a scroll of random uselessness {unknown}
 B - a scroll of enchant weapon {unknown}
 E - a scroll of amnesia {unknown}
Potions
 e - a potion of ambrosia
 k - a potion of agility
 m - 2 potions of curing {unknown}
 n - a potion of invisibility {unknown}
 q - a potion of mutation {unknown}
 r - 2 potions of brilliance
 s - 2 potions of haste {unknown}
 w - a potion of lignification {unknown}
Comestibles
 f - 6 rations


   Skills:
 - Level 3.6 Fighting
 + Level 13.5 Axes
 - Level 3.2 Armour
 - Level 3.2 Shields


You had 7 spell levels left.
You didn't know any spells.
Your spell library contained the following spells:

 Spells                   Type           Power        Failure   Level  Hunger
 Magic Dart               Conj           #...         30%         1    ##.....
 Searing Ray              Conj           #.....       41%         2    ###....
 Dazzling Spray           Conj/Hex       #.....       61%         3    ####...
 Force Lance              Conj/Tloc      #.......     91%         4    #####..
 Fulminant Prism          Conj/Hex       #.........   91%         4    #####..
 Iskenderun's Mystic Bla  Conj           #.......     91%         4    #####..


Dungeon Overview and Level Annotations

Branches:
Dungeon (5/15)
 Temple: D:4-7

Altars:
Dithmenos
Elyvilon
Ru
Zin


Message History

The orc priest hits you with a +0 dagger.
The centaur hits you!
* * * LOW HITPOINT WARNING * * *
The orc priest mumbles some strange prayers to Beogh against you.
You struggle to resist.
You feel very mighty all of a sudden. You block the orc wizard's attack.
The orc wizard gestures at you while chanting.
You resist with some effort. You block the orc priest's attack.
The centaur hits you.
* * * LOW HITPOINT WARNING * * *
The orc wizard casts a spell.
The orc wizard blinks!
The orc wizard points at you and mumbles some strange words.
The magic dart hits you.
* * * LOW HITPOINT WARNING * * *
The orc priest calls down the wrath of Beogh upon you.
Beogh smites you!
You die...
Beogh appreciates the orc priest's killing of a heretic priest.

.........#.....
.........#.....
.........#.....
#+################'##.....
..........................
..........................
..........................
........co................
.......Oo@...o............
......†.o§................
..........................
...###+###'###'###########
.. #.........#.....#......
. #.........#.....#......
#.........#.....'......
#...#######....####+###
#...#.....#....##....##


You could see an ogre, a centaur, 2 orc priests and 2 orc wizards.

Vanquished Creatures
  Prince Ribbit (D:5)
  Eustachio (D:5)
  Edmund (D:5)
  An ice beast (D:5)
  3 scorpions
  2 bullfrog zombies
  2 crimson imps
  An orc priest (D:5)
  3 hounds
  3 orc wizards
  Crazy Yiuf (D:4)
  8 worker ants
  A hound skeleton (D:4)
  9 adders
  7 gnolls
  3 oozes
  An adder skeleton (D:4)
  An adder zombie (D:5)
  3 worms (D:3)
  A dart slug (D:2)
  A leopard gecko (D:3)
  7 orcs
  2 ball pythons
  11 giant cockroaches
  14 goblins
  10 hobgoblins
  10 jackals
  4 quokkas
  5 bats
  5 frilled lizards
  A jackal skeleton (D:4)
  8 kobolds
  A leopard gecko zombie (D:4)
  12 rats
  A fungus (D:4)
145 creatures vanquished.

Vanquished Creatures (others)
  An orc (D:4)
1 creature vanquished.

Grand Total: 146 creatures vanquished

Notes
Turn   | Place    | Note
-------+----------+-------------------------------------------
     0 | D:1      | Hugehornet the Hill Orc Fighter began the quest for the
                  | Orb.
     0 | D:1      | Reached XP level 1. HP: 19/19 MP: 1/1
    24 | D:1      | Reached skill level 3 in Axes
    27 | D:1      | Reached XP level 2. HP: 26/26 MP: 2/2
    93 | D:1      | Reached skill level 4 in Axes
   159 | D:1      | Reached XP level 3. HP: 25/31 MP: 3/3
   413 | D:1      | Reached skill level 5 in Axes
   816 | D:2      | Found a shadowy altar of Dithmenos.
   914 | D:2      | Reached XP level 4. HP: 34/39 MP: 4/4
  1392 | D:3      | Reached skill level 6 in Axes
  1563 | D:3      | Reached XP level 5. HP: 32/45 MP: 5/5
  1962 | D:3      | Reached skill level 7 in Axes
  2034 | D:3      | Reached skill level 8 in Axes
  2034 | D:3      | Reached XP level 6. HP: 20/51 MP: 6/6
  2703 | D:4      | Found a white marble altar of Elyvilon.
  2766 | D:4      | Reached skill level 9 in Axes
  3122 | D:4      | Reached XP level 7. HP: 45/57 MP: 7/7
  3208 | D:4      | Reached skill level 10 in Axes
  3259 | D:4      | Found a sacrificial altar of Ru.
  3312 | D:4      | Became a worshipper of Beogh the Brigand
  3472 | D:4      | Found a runed translucent door.
  3473 | D:4      | Noticed Crazy Yiuf
  3486 | D:4      | Killed Crazy Yiuf
  3533 | D:5      | Entered Level 5 of the Dungeon
  3584 | D:5      | Noticed Eustachio
  3604 | D:5      | Killed Eustachio
  3604 | D:5      | Reached skill level 11 in Axes
  3620 | D:5      | Reached XP level 8. HP: 53/64 MP: 8/8
  3663 | D:5      | Noticed Edmund
  3674 | D:5      | Killed Edmund
  3674 | D:5      | Reached skill level 12 in Axes
  3681 | D:5      | Noticed Prince Ribbit
  3690 | D:5      | Killed Prince Ribbit
  3895 | D:5      | Found a glowing silver altar of Zin.
  3950 | D:5      | Reached skill level 13 in Axes
  4336 | D:5      | Reached * piety under Beogh
  4512 | D:5      | Killed from afar by an orc priest

Levels and vault maps discovered:
D:1:      saegor_arrival_under_anarchy, layout_rooms, st_stairs_11,
          minivault_25, minmay_quantized
D:2:      layout_loops_ring, grunt_dithmenos_smoke, first_ration
D:3:      layout_basic, minmay_starry_boxes
D:4:      layout_rooms, kennysheep_mini, elyvilon_altar_5, st_stairs_12,
          uniq_crazy_yiuf_cottage
D:5:      layout_gridville, basic_altar, uniq_eustachio, uniq_edmund,
          uniq_prince_ribbit1

Skill      XL: |  1  2  3  4  5  6  7  8 |
---------------+-------------------------+-----
Axes           | 3 4 5 6 8 9 11 13 | 13.5
Fighting       | |  3.6
Armour         | |  3.2
Shields        | |  3.2

Action                   |  1- 3 |  4- 6 |  7- 9 || total
-------------------------+-------+-------+-------++-------
Melee: War axe           |   135 |   214 |   184 ||   533
Invok: Convert to Beogh  |       |       |     1 ||     1
  Use: Scroll            |       |     7 |       ||     7
       Potion            |       |       |     4 ||     4
  Eat: Ration            |       |     2 |       ||     2
       Chunk             |       |     8 |     6 ||    14
Armor: Scale mail        |    63 |    81 |    84 ||   228
Dodge: Dodged            |    38 |    57 |    50 ||   145
Block: Shield            |    60 |   106 |    93 ||   259
